Map: Abyssal Reef LE

Players

Lacronimus

  • Race: Protoss Protoss
  • League: Silver
  • Spawn Location: 11:00

micDE - Winner!

  • Race: Protoss Protoss
  • League: Diamond
  • Spawn Location: 5:00

VOD

Have the link to the VOD?

Description

Time

  • Played on: Jan. 22, 2017, 3:40 p.m.
  • Length: 6:27
Show
View Real Time Build Order
Export as new Build Order

Lacronimus Protoss 

Build Orders: Oracle Opening 

Get SALT Encoding   

  12  0:03  Probe (Chrono Boost)  
  13  0:13  Probe (Chrono Boost)  
  14  0:18  Pylon  
  14  0:24  Probe (Chrono Boost)  
  15  0:37  Probe (Chrono Boost)  
  15  0:41  Gateway  
  16  0:47  Probe (Chrono Boost)  
  17  0:51  Assimilator  
  17  0:58  Probe (Chrono Boost)  
  18  1:04  Gateway  
  18  1:08  Probe (Chrono Boost)  
  19  1:12  Assimilator  
  19  1:19  Probe (Chrono Boost)  
  20  1:26  Pylon  
  20  1:39  Cybernetics Core  
  20  1:41  Probe (Chrono Boost)  
  21  1:52  Probe (Chrono Boost)  
  22  2:13  Nexus  
  22  2:16  Probe (Chrono Boost), Warp Gate  
  25  2:30  Mothership Core (Chrono Boost)  
  25  2:40  Stalker  
  27  2:49  Probe (Chrono Boost)  
  28  2:55  Stalker  
  30  3:02  Probe (Chrono Boost)  
  31  3:08  Stargate  
  31  3:24  Pylon  
  32  3:27  Probe (Chrono Boost)  
  32  3:31  Probe (Chrono Boost)  
  33  3:37  Adept x2  
  33  3:39  Probe (Chrono Boost)  
  39  3:41  Probe (Chrono Boost)  
  39  3:47  Oracle  
  39  3:51  Probe (Chrono Boost)  
  39  3:52  Probe (Chrono Boost)  
  44  4:02  Probe (Chrono Boost)  
  46  4:03  Pylon, Probe (Chrono Boost)  
  46  4:08  Pylon  
  46  4:13  Probe (Chrono Boost)  
  39  4:37  Oracle  
  38  4:46  Probe (Chrono Boost)  
  38  4:48  Probe (Chrono Boost)  
  40  4:57  Probe (Chrono Boost)  
  41  5:00  Probe (Chrono Boost)  
  40  5:07  Void Ray  
  40  5:08  Probe (Chrono Boost)  
  40  5:12  Probe (Chrono Boost)  
  46  5:18  Probe (Chrono Boost), Assimilator  
  43  5:24  Probe (Chrono Boost)  
  37  5:29  Probe (Chrono Boost)  
  37  5:39  Stalker x2  
  41  5:47  Probe (Chrono Boost)  
  41  5:48  Probe (Chrono Boost)  
  43  5:57  Probe (Chrono Boost)  
  43  6:00  Probe (Chrono Boost)  
  45  6:08  Probe (Chrono Boost)  
  46  6:11  Gateway  
  46  6:13  Gateway  
Show
View Real Time Build Order
Export as new Build Order

micDE Protoss - Winner!

Build Orders: Oracle Opening 

Get SALT Encoding   

  12  0:01  Probe (Chrono Boost)  
  13  0:12  Probe (Chrono Boost)  
  14  0:17  Pylon  
  14  0:22  Probe (Chrono Boost)  
  16  0:35  Probe (Chrono Boost)  
  16  0:38  Gateway  
  16  0:46  Probe (Chrono Boost)  
  16  0:47  Assimilator  
  17  0:53  Assimilator  
  18  0:57  Probe (Chrono Boost)  
  18  1:08  Probe (Chrono Boost)  
  19  1:14  Gateway  
  19  1:18  Probe (Chrono Boost)  
  20  1:29  Probe (Chrono Boost)  
  20  1:30  Cybernetics Core  
  21  1:39  Probe (Chrono Boost)  
  22  1:43  Pylon  
  22  1:50  Probe (Chrono Boost)  
  23  2:12  Mothership Core (Chrono Boost)  
  29  2:22  Warp Gate  
  29  2:27  Pylon  
  25  2:37  Adept x2  
  25  2:41  Stargate  
  29  2:59  Nexus  
  29  3:00  Probe (Chrono Boost)  
  30  3:07  Pylon  
  30  3:11  Probe (Chrono Boost)  
  31  3:14  Adept  
  33  3:20  Adept  
  33  3:25  Oracle  
  38  3:43  Pylon  
  38  3:44  Probe (Chrono Boost)  
  40  3:56  Probe (Chrono Boost), Void Ray  
  44  4:08  Probe (Chrono Boost)  
  43  4:26  Probe (Chrono Boost)  
  43  4:27  Probe (Chrono Boost)  
  45  4:36  Void Ray  
  45  4:41  Probe (Chrono Boost)  
  45  4:42  Probe (Chrono Boost)  
  51  4:51  Probe (Chrono Boost)  
  52  4:54  Adept x2, Probe (Chrono Boost)  
  57  5:02  Probe (Chrono Boost)  
  55  5:09  Probe (Chrono Boost)  
  55  5:12  Probe (Chrono Boost)  
  55  5:13  Void Ray  
  58  5:24  Adept x2  
  62  5:37  Gateway  
  62  5:39  Gateway  
  62  5:42  Robotics Facility, Probe (Chrono Boost)  
  64  5:44  Probe (Chrono Boost)  
  64  5:47  Assimilator  
  64  5:50  Assimilator  
  64  5:53  Probe (Chrono Boost)  
  64  5:56  Probe (Chrono Boost)  
  66  5:57  Pylon  
  66  6:00  Pylon  
  70  6:13  Probe (Chrono Boost)  
  70  6:14  Probe (Chrono Boost)  
Tags
 
Add a new tag
Caveats
  • Supply blocks, unpowered buildings, or Contaminate may cause inaccurate times.
  • Supply counts are checked every 10 seconds.